 Dungeon Crawl Stone Soup version 0.26-a0-597-gb535b0901c (webtiles) character file.

Game seed: 8836182494532860614

841 vurker the Chopper (level 7, 0/65 HPs)
             Began as a Palentonga Fighter on Sept 12, 2020.
             Slain by an orc warrior
             ... wielding a +0 battleaxe
              (20 damage)
             ... on level 7 of the Dungeon.
             The game lasted 00:03:42 (3683 turns).

vurker the Chopper (Palentonga Fighter)             Turns: 3683, Time: 00:03:43

Health: 0/65       AC: 16    Str: 27    XL:     7   Next: 67%
Magic:  7/7        EV:  3    Int:  9    God:
Gold:   500        SH: 10    Dex:  9    Spells: 6/6 levels left

rFire    . . .     SeeInvis +   a - +0 war axe
rCold    . . .     Faith    .   c - +0 kite shield
rNeg     . . .     Spirit   .   i - +0 plate armour
rPois    .         Reflect  .   (no helmet)
rElec    .         Harm     .   (no cloak)
rCorr    .                      s - +2 pair of gloves
MR       .....                  (no barding)
Stlth    ..........             (no amulet)
HPRegen  0.20/turn              b - +6 ring of strength
MPRegen  0.10/turn              j - +4 ring of protection

@: mighty
A: large, rugged brown scales 3, see invisible, deformed body, roll, armoured
tail
a: Rolling Charge


You were on level 7 of the Dungeon.
You visited 1 branch of the dungeon, and saw 6 of its levels.
You also visited: Ossuary.

You collected 500 gold pieces.

Inventory:

Hand Weapons
 a - a +0 war axe (weapon)
Armour
 c - a +0 kite shield (worn)
 i - a +0 plate armour (worn)
   (You found it on level 1 of the Dungeon)
 s - a +2 pair of gloves (worn)
   (You found it on level 4 of the Dungeon)
Jewellery
 b - a +6 ring of strength (left hand)
   (You found it on level 1 of the Dungeon)
 j - a +4 ring of protection (right hand)
   (You found it on level 2 of the Dungeon)
Wands
 u - a wand of paralysis (6)
   (You found it on level 5 of the Dungeon)
Scrolls
 h - 3 scrolls of enchant weapon {unknown}
 m - 2 scrolls of remove curse {unknown}
 n - 2 scrolls of fear {unknown}
 p - a scroll of magic mapping {unknown}
 r - 4 scrolls of identify {unknown}
 w - 2 scrolls of immolation {unknown}
Potions
 e - 4 potions of heal wounds {unknown}
 f - 3 potions of haste {unknown}
 g - a potion of berserk rage {unknown}
 k - 2 potions of brilliance {unknown}
 l - 4 potions of curing {unknown}
 o - 2 potions of degeneration {unknown}
 q - 2 potions of magic {unknown}
 t - 2 potions of flight {unknown}
 v - a potion of lignification {unknown}


   Skills:
 + Level 5.2 Fighting
 * Level 6.5 Axes
 - Level 2.4 Armour
 + Level 4.2 Shields


You had 6 spell levels left.
You didn't know any spells.
Your spell library was empty.

Dungeon Overview and Level Annotations

Branches:
Dungeon (5/15)            Ossuary (visited)
 Temple: D:4-7

Altars:
Nemelex Xobeh
Ru
Uskayaw
Xom

Annotations:
D:3 3 runed translucent doors, melvinkitnick's ghost, amateur DrTm


Innate Abilities, Weirdness & Mutations

You are completely covered in rugged brown scales. (AC +3, +7% HP)
You have supernaturally acute eyesight. (SInv)
Armour fits poorly on your strangely shaped body.
You can roll at foes to attack.
You have a long armoured tail.


Message History

An orc warrior comes into view. It is wielding a +0 battleaxe.
The orc wizard casts a spell.
The orc wizard flickers and vanishes for a moment.
The orc warrior moves out of view.
Found a hand axe.
There is a sparkling altar of Nemelex Xobeh here.
You closely miss the orc.
An orc comes into view. It is wielding a +0 dagger.
The orc hits you but does no damage.
The orc moves out of view.
You barely miss the orc.
An orc comes into view. It is wielding a +0 flail.
The orc barely misses you.
The orc shouts!
You slash the orc!
You kill the orc!
You hit the orc wizard.
A necrophage comes into view.
The orc wizard points at you and mumbles some strange words.
You resist with some effort.
The necrophage moves out of view.
You closely miss the orc wizard. You hit the orc warrior.
The orc wizard gestures at you while chanting.
The puff of flame hits you but does no damage.
The orc warrior hits you but does no damage.
You hit the orc wizard. You tail-slap the orc wizard. You barely miss the orc.
You slash the orc warrior!
The orc wizard hits you but does no damage.
The orc warrior hits you with a +0 battleaxe!
* * * LOW HITPOINT WARNING * * *
The orc wizard hits you but does no damage.
Aim: an orc, wielding a +0 flail and wearing a +0 chain mail You roll forward with a clatter of scales!
You barely miss the orc. You hit the orc.
You hit the orc wizard but do no damage.
The orc hits you with a +0 flail.
* * * LOW HITPOINT WARNING * * *
You block the orc's attack.
The orc wizard hits you with a +0 dagger.
* * * LOW HITPOINT WARNING * * *
You slash the orc warrior! You closely miss the orc. You hit the orc.
Your shield and plate armour prevent you from hitting the orc wizard.
The orc hits you but does no damage. You block the orc's attack.
The orc wizard points at you and mumbles some strange words.
You resist with some effort.
The orc warrior hits you with a +0 battleaxe!
* * * LOW HITPOINT WARNING * * *
You feel very mighty all of a sudden. The orc barely misses you.
You block the orc's attack.
The orc wizard hits you but does no damage.
The orc warrior hits you with a +0 battleaxe!!
You die...

#.. ).... ..
##### ....#
#.##...##....
#.#.....#....
#........##
#...†.....#
#.........#
##....oo..#
#....@o..#
#....o...#
#...(.....#
#......##.#
#.....#. ...
###.#...# ...
#.#n.## #..
#....


You could see an orc warrior, a necrophage, an orc wizard (invisible) and 2
orcs.

Vanquished Creatures
  2 ogres
  A centaur (D:5)
  A necrophage (D:2)
  A bullfrog (D:7)
  2 hounds
  A jelly (D:5)
  An iguana (D:3)
  A worker ant (D:4)
  A big kobold zombie (Ossuary)
  8 mummies (Ossuary)
  3 gnolls (D:4)
  6 adders
  2 oozes (D:2)
  2 worms (D:3)
  4 dart slugs
  5 leopard geckos
  3 orcs
  A giant cockroach (D:2)
  2 gnoll zombies (Ossuary)
  9 goblins
  6 hobgoblins
  5 jackals
  3 quokkas
  2 ball pythons
  12 bats
  2 frilled lizards
  A hobgoblin zombie (Ossuary)
  5 kobolds
  A kobold zombie (Ossuary)
  3 orc zombies (Ossuary)
  7 rats
103 creatures vanquished.

Notes
Turn   | Place    | Note
-------+----------+-------------------------------------------
     0 | D:1      | vurker the Palentonga Fighter began the quest for the Orb.
     0 | D:1      | Reached XP level 1. HP: 20/20 MP: 1/1
   225 | D:1      | Reached XP level 2. HP: 23/27 MP: 2/2
   459 | D:1      | Found a shimmering altar of Xom.
   461 | D:1      | Found a sacrificial altar of Ru.
   461 | D:1      | Found a sacrificial altar of Ru.
   467 | D:1      | Found a hide-covered altar of Uskayaw.
   467 | D:1      | Found a shimmering altar of Xom.
   467 | D:1      | Found a shimmering altar of Xom.
   745 | D:2      | Reached skill level 3 in Axes
   755 | D:2      | Reached XP level 3. HP: 33/33 MP: 3/3
  1071 | D:2      | Reached XP level 4. HP: 40/40 MP: 4/4
  1328 | D:2      | Noticed a necrophage
  1340 | D:2      | Killed a necrophage
  1340 | D:2      | Reached skill level 4 in Axes
  1340 | D:2      | Reached XP level 5. HP: 44/49 MP: 5/5
  1769 | D:3      | Found a runed translucent gate.
  1769 | D:3      | Found a runed translucent gate.
  1769 | D:3      | Found a runed translucent gate.
  1769 | D:3      | Noticed melvinkitnick's ghost (amateur DrTm)
  2009 | D:4      | Found a sacrificial altar of Ru.
  2047 | D:4      | Reached XP level 6. HP: 52/55 MP: 6/6
  2511 | D:4      | Reached skill level 5 in Axes
  2726 | D:5      | Entered Level 5 of the Dungeon
  2801 | D:5      | Found a sand-covered staircase.
  2809 | Ossuary  | Entered an ossuary
  2965 | Ossuary  | Reached XP level 7. HP: 44/64 MP: 7/7
  3406 | D:5      | Reached skill level 5 in Fighting
  3406 | D:5      | Reached skill level 6 in Axes
  3656 | D:5      | You fall into a shaft and drop 2 floors!
  3656 | D:7      | Found a sparkling altar of Nemelex Xobeh.
  3683 | D:7      | Slain by an orc warrior

Illustrated notes

Levels and vault maps discovered:
D:1:      giann_bridges, layout_basic, doesnt_xom_only_xom
D:2:      layout_loops_ring, kennysheep_generic_room_2
D:3:      layout_rooms, ebering_ghost_rock_garden, chequers_arboretum
D:4:      layout_layer_cave, nicolae_ru_awakened_eye
D:5:      layout_loops_ring, nicolae_ossuary_entry_ruins,
          kennysheep_flooded_box, serial_bayou_pond_d
D:7:      layout_rooms, basic_altar, uniq_duvessa

Skill      XL: |  1  2  3  4  5  6  7 |
---------------+----------------------+-----
Axes           | 3 4 5 6 |  6.5
Fighting       | 4 5 |  5.2
Shields        | 3 4 |  4.2
Armour         | |  2.4

Action                   |  1- 3 |  4- 6 |  7- 9 || total
-------------------------+-------+-------+-------++-------
Melee: War axe           |   124 |   133 |    59 ||   316
       Tailslap          |     9 |    25 |     6 ||    40
 Abil: Rolling Charge    |       |       |     1 ||     1
  Use: Potion            |       |       |     1 ||     1
Armor: Scale mail        |    37 |       |       ||    37
       Plate armour      |    50 |    83 |    39 ||   172
Dodge: Dodged            |    22 |    13 |     6 ||    41
Block: Kite shield       |    64 |    72 |    26 ||   162

Table legend: (Time is in decaauts)
 A = Elapsed time spent in this place.
 B = Non-inter-level travel time spent in this place.
 C = Inter-level travel time spent in this place.
 D = Time resting spent in this place.
 E = Time spent auto-exploring this place.
 F = Levels seen in this place.
 G = Mean time per level.
                   A        B        C        D        E       F      G
               +--------+--------+--------+--------+--------+-----+--------+
         Total |   3798 |   3742 |     56 |      0 |   2957 |   7 |  542.6 |
       Dungeon |   3323 |   3267 |     56 |      0 |   2586 |   6 |  553.8 |
       Ossuary |    474 |    474 |      0 |      0 |    371 |   1 |  474.0 |
               +--------+--------+--------+--------+--------+-----+--------+

Top non-repeatable levels by time:
     D:4: 818 daAuts
     D:2: 777 daAuts
     D:1: 769 daAuts
     D:5: 475 daAuts
 Ossuary: 474 daAuts
     D:3: 451 daAuts
     D:7: 31 daAuts
